 Dungeon Crawl Stone Soup version 0.29-a0-557-g43b9904bd1 (webtiles) character file.

Game seed: 10070978526587616227

35 Seig the Slasher (level 3, -2/28 HPs)
             Began as a Human Gladiator on June 8, 2022.
             Slain by a jackal (3 damage)
             ... on level 2 of the Dungeon.
             The game lasted 00:05:40 (1851 turns).

Seig the Slasher (Human Gladiator)                  Turns: 1851, Time: 00:05:41

Health: -2/28      AC:  4    Str: 14 (16) XL:     3   Next: 52%
Magic:  3/3        EV: 12    Int:  7 (8)  God:
Gold:   79         SH:  0    Dex: 12 (14) Spells: 2/2 levels left

rFire   . . .      SeeInvis .   a - +0 long sword
rCold   . . .      Faith    .   (no shield)
rNeg    . . .      Spirit   .   b - +0 leather armour
rPois   .          Reflect  .   c - +0 helmet
rElec   .          Harm     .   (no cloak)
rCorr   .          Rampage  .   (no gloves)
Will    .....                   (no boots)
Stlth   +.........              (no amulet)
HPRegen 0.09/turn               (no ring)
MPRegen 0.08/turn               (no ring)

@: hasted, very quick
A: no striking features
a: no special abilities


You were on level 2 of the Dungeon.
You visited 1 branch of the dungeon, and saw 2 of its levels.

You collected 79 gold pieces.

Inventory:

Hand Weapons
 a - a +0 long sword (weapon)
Missiles
 f - 3 atropa-tipped darts (quivered)
Armour
 b - a +0 leather armour (worn)
 c - a +0 helmet (worn)
Scrolls
 d - a scroll of identify


   Skills:
 * Level 2.4 Fighting
 * Level 3.4 Long Blades
 * Level 2.5 Throwing
 * Level 3.3 Dodging


You had 2 spell levels left.
You didn't know any spells.
Your spell library was empty.

Dungeon Overview and Level Annotations

Branches:
Dungeon (2/15)

Altars:


Message History

The ball python bites you but does no damage.
The ball python barely misses you. The jackal barely misses you.
You barely miss the hobgoblin. The jackal closely misses you.
The jackal bites you but does no damage.
The hobgoblin closely misses you. The ball python closely misses you. x2
You barely miss the hobgoblin. The jackal misses you. The jackal bites you.
The ball python barely misses you. The ball python grabs you.
The ball python constricts you. The hobgoblin hits you.
You hit the hobgoblin.
The hobgoblin is severely wounded.
The jackal bites you but does no damage. x2
The ball python closely misses you. The ball python constricts you.
The hobgoblin hits you.
* * * LOW HITPOINT WARNING * * *
The jackal barely misses you.
You aren't carrying any potions.
Okay, then.
You hit the hobgoblin.
You kill the hobgoblin!
The jackal bites you.
* * * LOW HITPOINT WARNING * * *
The ball python bites you but does no damage.
The ball python constricts you.
The jackal bites you but does no damage.
You closely miss the ball python.
The jackal bites you but does no damage.
The ball python barely misses you. The ball python constricts you.
The jackal bites you but does no damage.
The jackal bites you.
* * * LOW HITPOINT WARNING * * *
Unknown command.
You hit the ball python.
The ball python is heavily wounded.
The jackal barely misses you. The ball python barely misses you.
The ball python constricts you. The jackal bites you.
* * * LOW HITPOINT WARNING * * *
You hit the ball python.
You kill the ball python!
The jackal bites you.
You die...

#..........
#............
#...........#
#...........#
#...........#
#...........#
#...........#
#....†h†...$#
#....h@.....#
#############


You could see 2 jackals.

Vanquished Creatures
  A dart slug (D:1)
  2 endoplasms
  A giant cockroach (D:1)
  4 goblins (D:1)
  A hobgoblin (D:2)
  2 jackals (D:2)
  3 quokkas (D:1)
  7 ball pythons
  3 bats
  2 frilled lizards (D:1)
  A kobold (D:1)
  5 rats (D:1)
32 creatures vanquished.

Notes
Turn   | Place    | Note
-------+----------+-------------------------------------------
     0 | D:1      | Seig the Human Gladiator began the quest for the Orb.
     0 | D:1      | Reached XP level 1. HP: 16/16 MP: 1/1
   116 | D:1      | Reached XP level 2. HP: 13/22 MP: 2/2
   803 | D:1      | HP: 1/22 [dart slug/slug dart (5)]
  1127 | D:1      | Reached XP level 3. HP: 11/27 MP: 3/3
  1850 | D:2      | HP: 1/28 [jackal (1)]
  1851 | D:2      | Slain by a jackal

Illustrated notes

Levels and vault maps discovered:
D:1:      dpeg_arrival_round_c, layout_loops_ring
D:2:      layout_basic

Action                   || total
-------------------------++-------
Melee: Long sword        ||    91
       Punch             ||     1
Throw: Dart              ||     2
  Use: Potion            ||     4
       Scroll            ||     3
 Stab: Distracted        ||     1
       Invisible         ||     1
Armor: Leather armour    ||    54
Dodge: Dodged            ||    93

Table legend: (Time is in decaauts)
 A = Elapsed time spent in this place.
 B = Non-inter-level travel time spent in this place.
 C = Inter-level travel time spent in this place.
 D = Time resting spent in this place.
 E = Time spent auto-exploring this place.
 F = Levels seen in this place.
 G = Mean time per level.
                   A        B        C        D        E       F      G
               +--------+--------+--------+--------+--------+-----+--------+
         Total |   1865 |   1865 |      0 |    987 |    264 |   2 |  932.5 |
       Dungeon |   1865 |   1865 |      0 |    987 |    264 |   2 |  932.5 |
               +--------+--------+--------+--------+--------+-----+--------+

Top non-repeatable levels by time:
     D:1: 1828 daAuts
     D:2: 37 daAuts
